 Dungeon Crawl Stone Soup version 0.30.0-5-g1a98f26d00 (webtiles) character file.

Game seed: 7314046306857999381

293 Woods the Insei (level 6, 0/45 HPs)
             Began as a Djinni Transmuter on May 12, 2023.
             Splashed by a jelly's acid (5 damage)
             ... on level 4 of the Dungeon.
             The game lasted 00:07:19 (2996 turns).

Woods the Insei (Djinni Transmuter)                 Turns: 2996, Time: 00:07:19

Health: 0/45       AC: -10   Str:  9    XL:     6   Next: 60%
Gold:   206        EV: 21    Int: 16    God:
                   SH:  0    Dex: 19

rFire   + .          .
                       - Unarmed
rCold   . . .        (shield currently unavailable)
rNeg    . . .        a - melded +0 robe
rPois   ∞            l - melded +1 hat
rElec   .            q - melded scarf {rC+ rF+}
rCorr   .            (gloves currently unavailable)
SInv    .            (boots unavailable)
Will    .....        (no amulet)
Stlth   ++           i - ring of protection from fire
HPRegen 0.27/turn    (no ring)
MPRegen 0.00/turn

%: infuse magic (-1 HP)
@: spider-form (expiring), corroded, flying
A: venomous fangs, flying, sickness immunity, tiny, (fire resistance 2), (cold
vulnerability 1), float, innate caster, HP casting, extra vitality 1
a: End Transformation


You were on level 4 of the Dungeon.
You were a venomous arachnid creature.
You visited 1 branch of the dungeon, and saw 4 of its levels.

You collected 206 gold pieces.

Inventory:

Armour
 a - a +0 robe (melded)
 l - a +1 hat (melded)
 q - a scarf of resistance (melded)
Jewellery
 i - a ring of protection from fire (left front pincers)
Wands
 r - a wand of polymorph (11)
Scrolls
 c - 2 scrolls of enchant weapon {unknown}
 d - 3 scrolls of magic mapping {unknown}
 e - 3 scrolls of fog {unknown}
 f - 2 scrolls of teleportation {unknown}
 j - a scroll of noise {unknown}
 k - a scroll of torment {unknown}
 m - a scroll of poison {unknown}
 p - 2 scrolls of identify {unknown}
Potions
 b - a potion of lignification
 g - a potion of mutation {unknown}
 h - a potion of cancellation {unknown}
 n - 2 potions of flight {unknown}
 o - 2 potions of curing {unknown}


   Skills:
 + Level 2.7 Fighting
 + Level 3.7 Dodging
 * Level 4.9 Unarmed Combat
 + Level 2.5 Spellcasting


You knew the following spells:

 Your Spells              Type           Power      Damage    Failure   Level
a - Beastly Appendage     Tmut           20%        N/A       19%         1
b - Wereblood             Tmut           10%        N/A       26%         2
c - Spider Form           Tmut/Pois      10%        N/A       41%         3
d - Ice Form              Ice/Tmut       10%        N/A       77%         4
e - Magic Dart            Conj           40%        1d5       19%         1
f - Poisonous Vapours     Pois/Air       20%        N/A       26%         2
Your spell library was empty.

Dungeon Overview and Level Annotations

Branches:
Dungeon (4/15)
 Temple: D:4-7

Altars:
Ru
Uskayaw

Shops:
D:1 :


Innate Abilities, Weirdness & Mutations

You are a venomous arachnid creature.
You have venomous fangs.
You are tiny and dextrous.
You are flying.
Your spellcasting is less reliable in this form.
Your armour is entirely melded.
You are incapable of wielding weapons or throwing items.
You are immune to sickness and miasma.
You are immune to poison.
((Your flesh is very heat resistant. (rF++)))
((You are vulnerable to cold. (rC-)))
You float through the air rather than walking.
You learn spells naturally, not from books.
Your magical power is your life essence.
You have superior vitality. (+4 MHP)


Message History

Eustachio is heavily wounded.
Eustachio gestures wildly while chanting.
Eustachio blinks!
A jelly comes into view.
The jelly quivers.
You see here a +0 leather armour.
You hit Eustachio but do no damage.
Eustachio looks as sick as possible!
Eustachio is heavily wounded.
The crimson imp laughs crazily.
The crimson imp blinks!
Eustachio closely misses you.
You bite Eustachio!
Eustachio is almost dead.
Eustachio growls, "To hell with you, honourless miscreant!"
Eustachio misses you.
You hit Eustachio.
Eustachio looks as sick as possible!
Eustachio is almost dead.
You kill Eustachio!
The crimson imp disappears in a puff of smoke!
The jelly hits you. The acid corrodes you!
You are splashed with acid!
You have reached level 6!
You hit the jelly.
The jelly is poisoned.
Your front pincers burn!
The jelly is lightly wounded.
Your transformation is almost over.
The jelly barely misses you.
You hit the jelly but do no damage.
Your front pincers burn!
The jelly is lightly wounded.
The jelly completely misses you.
You hit the jelly but do no damage. The acid corrodes you!
Your front pincers burn!
The jelly is moderately wounded.
The jelly barely misses you.
You hit the jelly.
Your front pincers burn!
The jelly is severely wounded.
The jelly hits you.
You are splashed with acid!
* * * LOW HITPOINT WARNING * * *
You hit the jelly. The acid corrodes you!
Your front pincers burn!
* * * LOW HITPOINT WARNING * * *
The jelly is almost dead.
You hit the jelly but do no damage.
Your front pincers burn!
You die...

#..).. ...... # ....#. #.
### ....#.# #. ..#
....#.# #. #.. ....#.##
#J##.## ....#.#.##
##....# ..._#.##.##
##.##J##
..###.....###..)s..###.
..# #..###.#.>..#.....#
..###..##.#.#............
.............#..#..#.....
..###..##.#.#.#....######
..# #..###.#.#..##.#
..###..#........#...#
...).................
#.#####.#####.###...##


You could see a jelly (very poisoned).

Vanquished Creatures
  Eustachio (D:4)
  An orc priest (D:3)
  2 adders
  An ufetubus (D:4)
  3 worms
  A dart slug (D:2)
  6 orcs
  5 ball pythons
  8 bats
  7 endoplasms
  6 giant cockroaches
  9 hobgoblins
  6 jackals
  5 quokkas
  4 goblins
  3 kobolds
  9 rats
77 creatures vanquished.

Notes
Turn   | Place    | Note
-------+----------+-------------------------------------------
     0 | D:1      | Woods the Djinni Transmuter began the quest for the Orb.
     0 | D:1      | Woods set off with the following spells memorised: Beastly
                  | Appendage, Wereblood, Spider Form, Ice Form.
     0 | D:1      | Reached XP level 1. HP: 17/17 MP: 0/0
   147 | D:1      | Reached XP level 2. HP: 3/22 MP: 0/0
   295 | D:1      | Found Issestrudgh's Vocational Training.
   450 | D:1      | Reached XP level 3. HP: 27/27 MP: 0/0
   450 | D:1      | Learned a level 1 spell: Magic Dart
   994 | D:2      | Found a faded altar of an unknown god.
  1243 | D:2      | Reached XP level 4. HP: 27/32 MP: 0/0
  2097 | D:3      | Reached skill level 4 in Unarmed Combat
  2247 | D:3      | Reached XP level 5. HP: 38/38 MP: 0/0
  2247 | D:3      | Learned a level 2 spell: Poisonous Vapours
  2605 | D:4      | Noticed a +0 spear
  2605 | D:4      | Noticed a +0 falchion
  2606 | D:4      | Noticed a +0 dagger
  2617 | D:4      | Noticed a +0 falchion
  2617 | D:4      | Noticed a +0 spear
  2617 | D:4      | Noticed a +0 short sword
  2617 | D:4      | Noticed a +0 dagger
  2617 | D:4      | Noticed a +0 short sword
  2621 | D:4      | Found a hide-covered altar of Uskayaw.
  2853 | D:4      | Found a sacrificial altar of Ru.
  2977 | D:4      | Noticed Eustachio
  2990 | D:4      | Killed Eustachio
  2991 | D:4      | Reached XP level 6. HP: 32/45 MP: 0/0
  2996 | D:4      | Splashed by a jelly's acid

Illustrated notes

Levels and vault maps discovered:
D:1:      amcnicky_arrival_single_pillar, layout_basic, nicolae_shop_vocational
D:2:      layout_loops_cross, chequers_ecumenical_altar_simple_redux,
          minmay_tree_intersection, chequers_serial_rivers_micro_c, minivault_11
D:3:      layout_rooms
D:4:      minmay_evil_eye, layout_loops_ring, mainiacjoe_overflow_catwalk,
          overflow_temple_1_default, nicolae_uskayaw_en_pointe,
          mainiacjoe_overflow_alcove_4, uniq_eustachio

Skill      XL: |  1  2  3  4 |
---------------+-------------+-----
Spellcasting   | 2 |  2.5
Dodging        | 3 |  3.7
Unarmed Combat | 4 |  4.9
Fighting       | 2 |  2.7

Action                     |  1- 3 |  4- 6 || total
---------------------------+-------+-------++-------
  Melee: Unarmed           |   148 |   138 ||   286
         Headbutt          |    20 |    17 ||    37
         Punch             |     2 |     5 ||     7
   Cast: Beastly Appendage |    19 |    20 ||    39
         Wereblood         |     1 |       ||     1
         Poisonous Vapours |       |    15 ||    15
         Spider Form       |       |     1 ||     1
 Armour: Robe              |    41 |    22 ||    63
  Dodge: Dodged            |   112 |    90 ||   202
